[Event "*** Titled Tuesday Blitz"]
[Site "Chess.com"]
[Date "2019.04.02"]
[Round "9"]
[White "dopolian"]
[Black "INLOVEWITHF"]
[Result "1/2-1/2"]
[WhiteElo "2207"]
[BlackElo "2270"]
[TimeControl "180+2"]
[EndTime "16:06:56 PDT"]
[Termination "Game drawn by agreement"]

1. e4 c5 2. Nf3 e6 3. d4 cxd4 4. Nxd4 a6 5. Bd3 Bc5 6. Nb3 Be7 7. O-O Nc6 8. c4 d6 9. Nc3 Nf6 10. Be3 Qc7 11. Qe2 h5 12. Rac1 Ng4 13. Nd5 exd5 14. cxd5 Nxe3 15. Qxe3 Bd7 16. dxc6 bxc6 17. e5 dxe5 18.
Rfe1 O-O 19. Qxe5 Qxe5 20. Rxe5 Bf6 21. Re2 Rfe8 22. Rce1 Bxb2 23. Rxe8+ Rxe8 24. Rxe8+ Bxe8 25. Bxa6 Ba3 26. Bc4 Kf8 27. Kf1 Bd7 28. Ke2 c5 29. Ke3 Ke7 30. f3 f6 31. Kd3 Bf5+ 32. Kc3 h4 33.
Bd3 h3 34. gxh3 Bb4+ 35. Kc2 Be6 36. Nc1 c4 37. Bf1 Bf5+ 38. Kd1 c3 39. Bd3 Bxh3 40. Ne2 Be6 41. Bb1 Bd7 42. Bc2 Kd6 43. Bb3 Bf5 44.
Ng3 Bd3 45. Bc2 Bc4 46. Nf5+ Ke5 47. a4 g5 48. Ne3 Ba6 49. Ng4+ Ke6 50. Bb3+ Ke7 51.
Bc2 Ke6 52. Bb3+ Kf5 53. Bc2+ Kf4 54. Nxf6 Kxf3 55. Nd5 Ba5 56. Kc1 Bb7 57. Nf6 Bc7 58. h3 Kg3 59. Bf5 Bg2 60. Kc2 Bxh3 61. Bxh3 Kxh3 62.
Ne4 g4 63. Nf2+ Kg3 64. Nxg4 Kxg4 65. Kxc3 1/2-1/2

[Event "*** Titled Tuesday Blitz"]
[Site "Chess.com"]
[Date "2019.04.02"]
[Round "9"]
[White "Caisachess"]
[Black "stepanosinovsky"]
[Result "0-1"]
[WhiteElo "2408"]
[BlackElo "2344"]
[TimeControl "180+2"]
[EndTime "16:07:03 PDT"]
[Termination "stepanosinovsky won by checkmate"]

1. e4 e5 2. Nf3 Nc6 3. Bc4 Nf6 4. d3 Be7 5. O-O O-O 6. a4 d5 7. exd5 Nxd5 8. Bb5 Bg4 9. h3 Bxf3 10. Qxf3 Nd4 11. Qd1 Nxb5 12. axb5 Qd7 13. Nd2 Nb4 14. Nf3 f6 15. d4 Qxb5 16. dxe5 fxe5 17. Re1 Bd6 18. Bd2 Nc6 19. Bc3 a6 20. Qd2 Rae8 21. Re4 Nd4 22.
Bxd4 exd4 23. Rxe8 Rxe8 24. Qxd4 Re2 25. Re1 Rxe1+ 26.
Nxe1 Qc5 27. Qe4 Qe5 28. Qxe5 Bxe5 29. Nd3 Bd6 30. g3 Kf7 31. Kg2 Ke6 32. Kf3 Kd5 33.
Kg4 a5 34. h4 b5 35. Kf5 a4 36. c3 c5 37. g4 b4 38. cxb4 cxb4 39. h5 Kc4 40. Nc1 Bc5 41. f4 Be3 42. Ne2 a3 43. bxa3 bxa3 44. Ke4 a2 45. Kxe3 a1=Q 46. Kf3 Qa3+ 47.
Kf2 Qc5+ 48. Kf3 Qd5+ 49. Kf2 Qe4 50. g5 Qh1 51. Ng3 Qh2+ 52. Kf3 Kd3 53. f5 Qh4 54.
g6 hxg6 55. hxg6 Qd4 56. Nh5 Qe3+ 57. Kg4 Qe4+ 58. Kg5 Qg2+ 59. Kf4 Qh2+ 60. Kg5 Qe5 61. Nxg7 Qxg7 62. f6 Qc7 63. g7 Qf7 64. Kf5 Kd4 65. Kg5 Kd5 66. Kh6 Qxf6+ 67. Kh7 Qh4+ 68. Kg8 Qg5 69. Kf8 Qf5+ 70. Ke7 Qe6+ 71. Kf8 Qf6+ 72. Kg8 Ke6 73. Kh8 Qh4+ 74. Kg8 Qh5 75. Kf8 Qf7# 0-1

[Event "*** Titled Tuesday Blitz"]
[Site "Chess.com"]
[Date "2019.04.02"]
[Round "9"]
[White "OparinGrigoriy"]
[Black "KenanGarayev"]
[Result "0-1"]
[WhiteElo "2955"]
[BlackElo "2782"]
[TimeControl "180+2"]
[EndTime "16:07:06 PDT"]
[Termination "KenanGarayev won by resignation"]

1. Nf3 Nf6 2. g3 g6 3. Bg2 Bg7 4. c4 O-O 5. Nc3 d6 6. O-O Nc6 7. d3 e5 8. Rb1 a5 9. a3 Nh5 10. b4 axb4 11. axb4 f5 12. b5 Ne7 13. Bg5 h6 14. Bxe7 Qxe7 15. Nd5 Qf7 16. Nd2 Be6 17. e3 Kh7 18. b6 c6 19. Nc7 Ra3 20. Nxe6 Qxe6 21.
Rb3 Ra2 22. Nb1 f4 23. Nc3 Ra6 24. Ne4 Nf6 25. Nxf6+ Qxf6 26. Be4 Ra2 27. Qb1 Ra4 28. Rb2 Raa8 29. Qd1 Rad8 30. Rb1 f3 31. d4 exd4 32. exd4 Qxd4 33. Qxd4 Bxd4 34. Rfd1 Bc5 35. Rd3 Ra8 36. Bxf3 Ra2 37. Rf1 Rc2 38. h4 Rxc4 39. Bd1 Rb4 40. Rd2 Rxb6 41. Re1 h5 42. Re7+ Kh6 43. Kg2 Rb4 44. f4 d5 45. Rd7 Rb1 46. Bc2 Rg1+ 47. Kh2 Re8 48. f5 Rge1 49. fxg6 R8e2+ 50. Rxe2 Rxe2+ 51. Kh3 Rxc2 52. g7 Kh7 53. Rxb7 Bg1 54. g4 hxg4+ 55.
Kxg4 Rg2+ 56. Kh5 Rxg7 57. Rb6 Rc7 58. Rb1 Bd4 59. Rd1 Bg7 60. Kg4 d4 61. h5 c5 0-1

[Event "*** Titled Tuesday Blitz"]
[Site "Chess.com"]
[Date "2019.04.02"]
[Round "9"]
[White "DACF2905"]
[Black "1995Tiger"]
[Result "1/2-1/2"]
[WhiteElo "2093"]
[BlackElo "2069"]
[TimeControl "180+2"]
[EndTime "16:07:28 PDT"]
[Termination "Game drawn - insufficient material"]

1. e4 e5 2. Nf3 Nc6 3. Bb5 a6 4. Ba4 Nf6 5. d3 d6 6. O-O g6 7. h3 Bg7 8. c3 O-O 9. Re1 Nh5 10.
Nbd2 Bd7 11. Nf1 h6 12. d4 Nf4 13. Bxf4 exf4 14. Qd2 g5 15. N3h2 f5 16. exf5 Bxf5 17. Bb3+ Kh8 18. Be6 Qf6 19. Ng4 Bxg4 20. Bxg4 Rae8 21.
Rxe8 Rxe8 22. Re1 Rxe1 23. Qxe1 Qe7 24. Qd2 Bf6 25. Nh2 Qe4 26. Qc1 Nd8 27. Bf3 Qe7 28. Nf1 c6 29. Qc2 Kg7 30. Bh5 Kf8 31. Qg6 Bg7 32. Qf5+ Kg8 33. h4 Qe6 34. Qxe6+ Nxe6 35.
Bg4 Kf7 36. Nd2 d5 37. hxg5 hxg5 38. Kf1 Nd8 39. Ke2 Ke7 40. Kd3 Kd6 41. Nb3 b6 42.
Nc1 c5 43. Ne2 Nc6 44. a3 cxd4 45. cxd4 Na5 46. Kc3 Nc6 47. b4 a5 48. b5 Ne7 49.
Kd3 Ng8 50. Nc3 Nh6 51. Bf3 g4 52. Bxd5 Nf5 53. Be4 Nxd4 54. Bg6 g3 55. fxg3 fxg3 56.
Ne4+ Ke5 57. Nxg3 Nxb5 58. a4 Nd6 59. Ke2 Kd4 60. Bc2 Kc3 61. Kd1 Kb4 62. Ne2 Be5 63.
g4 Nc4 64. g5 Ne3+ 65. Kd2 Nxc2 66. Kxc2 Kxa4 67. g6 Kb4 68. Nf4 a4 69. Nd5+ Kc5 70.
Nc3 b5 71. Ne4+ Kb4 72. Kb1 a3 73. Ka2 Bb2 74. Nd6 Ka4 75. Nxb5 Kxb5 76. g7 Bxg7 77.
Kxa3 1/2-1/2

[Event "*** Titled Tuesday Blitz"]
[Site "Chess.com"]
[Date "2019.04.02"]
[Round "9"]
[White "lucasran"]
[Black "NemtsevIgor"]
[Result "0-1"]
[WhiteElo "2404"]
[BlackElo "2319"]
[TimeControl "180+2"]
[EndTime "16:07:45 PDT"]
[Termination "NemtsevIgor won by checkmate"]

1. c4 c6 2. Nf3 d6 3. d4 Nd7 4. Nc3 h6 5. Bf4 g5 6. Bg3 Bg7 7. h3 Nf8 8. e3 Qb6 9. Qc2 Qa5 10.
Bd3 Ne6 11. O-O h5 12. a3 g4 13. b4 Qd8 14. hxg4 hxg4 15. Nh4 Ng5 16. Nf5 Bxf5 17. Bxf5 Nf6 18. c5 e6 19. Bd3 d5 20. Bd6 Nh5 21.
Rfe1 Qf6 22. Be5 Qh6 23. Kf1 Bxe5 24. dxe5 Nf3 25. gxf3 gxf3 26. Red1 Ng3+ 27. Ke1 Qh2 28. fxg3 Qxg3+ 29. Kd2 d4 30. Ne4 Rh2+ 31. Kc1 Rxc2+ 32.
Bxc2 Qxe5 33. Rxd4 Rd8 34. Nd6+ Rxd6 35. cxd6 Qxe3+ 36. Rd2 f2 37. Bd3 Qxd3 38. Rxd3 f1=Q+ 39. Rd1 Qc4+ 40. Kb2 Kd7 41. Rac1 Qe4 42. Rc2 b6 43. Rcd2 c5 44. bxc5 bxc5 45. Rc2 c4 46. Rdc1 Kxd6 47.
Rxc4 Qe5+ 48. Kb3 Ke7 49. Rc7+ Kf6 50. Rf1+ Kg7 51. Rfxf7+ Kg6 52. Rxa7 Qd5+ 53. Kb4 Qd4+ 54. Kb5 Qd5+ 55. Kb6 Qd6+ 56. Kb7 Kxf7 57. Ka8+ Kf6 58. a4 Qc6+ 59. Kb8 Qb6+ 60. Ka8 e5 61. a5 Qd8+ 62.
Kb7 e4 63. Ra6+ Kf5 64. Rb6 e3 65. a6 Qd7+ 66. Kb8 Qd8+ 67. Kb7 e2 68. Rb5+ Kf4 69. Rb4+ Kf3 70. Rb3+ Kf2 71. a7 e1=Q 72. Rb2+ Kf1 73. Rb6 Qe4+ 74. Ka6 Qa4+ 75. Kb7 Qdd7+ 76. Kb8 Qaxa7# 0-1

[Event "*** Titled Tuesday Blitz"]
[Site "Chess.com"]
[Date "2019.04.02"]
[Round "9"]
[White "PaulfromSPb"]
[Black "Sashadav97"]
[Result "0-1"]
[WhiteElo "2634"]
[BlackElo "2550"]
[TimeControl "180+2"]
[EndTime "16:07:49 PDT"]
[Termination "Sashadav97 won by resignation"]

1. e4 c5 2. Ne2 Nc6 3. g3 g6 4. Bg2 Bg7 5. c3 e5 6. O-O Nge7 7. f4 d6 8. d3 O-O 9. Be3 f5 10.
Nd2 Be6 11. Nf3 h6 12. Qc2 b6 13. Rae1 Qd7 14. b3 Rae8 15. Nh4 d5 16. fxe5 Nxe5 17. Nf4 Ng4 18. Bc1 Bf7 19. h3 Ne5 20. exf5 Nxf5 21. Nxf5 Qxf5 22. Nxd5 Qxd3 23. Qxd3 Nxd3 24. Rxe8 Rxe8 25.
c4 Nxc1 26. Rxc1 Re2 27. Rf1 Bd4+ 28. Kh1 Rxa2 29. Be4 Kg7 30. Rf3 Be6 31. g4 Bf7 32. Nc7 Rf2 33. Rxf2 Bxf2 34. Kg2 Bd4 35. Nb5 a6 36. Nd6 Be6 37. Bb7 Kf6 38. Bxa6 Ke5 39. Nb5 Bb2 40. Bb7 h5 41. Kf3 h4 42. Nc7 Bd7 43. Be4 g5 44. Nd5 b5 45. Nb6 Be8 46.
Nd5 bxc4 47. bxc4 Ba4 48. Ne3 Bb3 49. Bd5 Bd4 50. Bg8 Ba2 51. Nf1 Bb1 52. Nd2 Bd3 53. Bf7 Bc2 54. Bg8 Bd1+ 55. Kg2 Kf4 56. Bd5 Ke3 57.
Nf3 Bf6 58. Ne1 Be2 59. Nf3 Kd3 60. Kf2 Bd1 61. Ne1+ Kc3 62. Ng2 Bd4+ 63. Ke1 Bb3 64. Ke2 Bxc4+ 65. Bxc4 Kxc4 66. Ne1 Kd5 67. Nf3 Bf6 68.
Ke3 c4 69. Ne1 Kc5 70. Nc2 Kb5 71. Kd2 Ka4 72. Kc1 Kb3 73. Ne3 Be5 74. Kd1 Kc3 75. Ke2 Kd4 76. Nc2+ Kc3 77. Ne3 Kb3 78. Kd2 Bf4 79.
Ke2 Bxe3 0-1

[Event "*** Titled Tuesday Blitz"]
[Site "Chess.com"]
[Date "2019.04.02"]
[Round "9"]
[White "KarstenHansch"]
[Black "NM2019"]
[Result "1/2-1/2"]
[WhiteElo "2365"]
[BlackElo "2180"]
[TimeControl "180+2"]
[EndTime "16:07:57 PDT"]
[Termination "Game drawn by stalemate"]

1. e4 c5 2. Nc3 a6 3. g3 b5 4.
Bg2 Bb7 5. Nh3 e6 6. O-O g6 7.
d3 Bg7 8. Be3 Qc7 9. d4 d6 10.
Ne2 Ne7 11. c3 Nd7 12. Qd2 h5 13. d5 exd5 14. exd5 Nf5 15. Nef4 O-O-O 16. Ng5 Ne5 17. Rae1 h4 18. Be4 Nc4 19. Bxf5+ gxf5 20. Qc2 Qd7 21.
Ng2 hxg3 22. hxg3 Bxd5 23. Rd1 Nxe3 24. fxe3 Be6 25. a4 Be5 26. axb5 Qxb5 27. Nf4 Qc6 28. Qg2 Qxg2+ 29. Kxg2 Bxf4 30. exf4 Kc7 31. Rfe1 Rhe8 32. Kf3 Bd5+ 33. Kf2 Rxe1 34. Rxe1 Rb8 35. Re2 Bc4 36. Rd2 a5 37. Kf3 Be6 38. Rh2 Kc6 39. Ke3 a4 40.
Kd3 Bb3 41. Rh6 Ba2 42. Kc2 Bb3+ 43. Kc1 Bc4 44. Rf6 Rh8 45. Nxf7 Rh1+ 46. Kd2 Rh2+ 47. Kc1 Bb3 48. Rxd6+ Kb5 49. Rh6 Rg2 50. Nd6+ Ka5 51.
Nb7+ Kb5 52. Nd6+ Ka5 53. Nb7+ Kb5 54. Nd6+ Kc6 55. Nxf5+ Kd7 56. Rh1 Rc2+ 57. Kb1 Rg2 58. Ka1 Ke6 59. Ne3 Rxg3 60. Nf1 Rf3 61. Nd2 Rxf4 62.
Re1+ Kd5 63. Nxb3 axb3 64. Kb1 Rf2 65. Kc1 Kc4 66. Rd1 Rh2 67. Kb1 Kb5 68. Kc1 Rc2+ 69. Kb1 Kc4 70. Rh1 Rg2 71. Rd1 Rg3 72. Kc1 Rd3 73.
Rxd3 Kxd3 74. Kd1 Ke3 75. Ke1 c4 76. Kd1 Kd3 77. Kc1 Ke2 78. Kb1 Kd1 79. Ka1 Kd2 80.
Kb1 Kd1 81. Ka1 Kc1 1/2-1/2

[Event "*** Titled Tuesday Blitz"]
[Site "Chess.com"]
[Date "2019.04.02"]
[Round "9"]
[White "GukeshDommaraju"]
[Black "riconaipe"]
[Result "1/2-1/2"]
[WhiteElo "2633"]
[BlackElo "2452"]
[TimeControl "180+2"]
[EndTime "16:08:08 PDT"]
[Termination "Game drawn by agreement"]

1. Nf3 d5 2. g3 Nf6 3. Bg2 e6 4. O-O Be7 5. d4 O-O 6. c4 b6 7. cxd5 exd5 8. Nc3 Bb7 9. Bf4 c5 10. dxc5 bxc5 11. Nh4 Re8 12. Nf5 Bf8 13. Ne3 Na6 14.
Nexd5 Nxd5 15. Nxd5 Rc8 16. Nf6+ Qxf6 17. Bxb7 Rcd8 18.
Qa4 Nb4 19. a3 Qb6 20. Bf3 Na6 21. Qc2 Nc7 22. Bxc7 Qxc7 23. Rac1 Qe5 24. e3 Rb8 25. b3 Rec8 26. Qc4 h5 27. Bd5 Rc7 28. Rfd1 g6 29.
Be4 Kg7 30. Bd5 Qf6 31. h4 Rd7 32. Kg2 Rbd8 33. Bf3 Rd2 34. Rxd2 Rxd2 35. Rc2 Rxc2 36.
Qxc2 Qb6 37. Qc3+ Qf6 38. Qa5 Qb6 39. Qa4 Qc7 40. Bd5 Be7 41. Qc4 Bd6 42. Qc3+ Be5 43. Qc4 Bd6 44. Be4 Qe7 45. Qd5 c4 46. Qxc4 Bxa3 47.
Bd5 Bd6 48. Qd4+ Be5 49. Qe4 Bf6 50. Qa4 Be5 51. b4 Bd6 52. b5 Bc5 53. Qa1+ Qf6 54.
Qa2 Bb6 55. Qc4 Qe7 56. Kf1 Qf6 57. Kg2 Qe7 58. Qf4 Qf6 59. Qxf6+ Kxf6 60. Kf3 Bc7 61.
Ke4 Bb6 62. Bc4 Bc7 63. f4 Bb6 64. Kf3 Kg7 65. e4 f6 66. g4 hxg4+ 67. Kxg4 Be3 68. e5 fxe5 69. fxe5 Bc5 70. Bd3 Be7 71. Be4 Kh6 72.
Bd5 Kg7 73. Be4 Kh6 74. Bd3 Kg7 75. Be4 Kh6 76. Bd3 Kg7 77. b6 axb6 78. Bb5 Bb4 79. Bc4 Bc3 80. Kf4 Kh6 81. e6 Bb4 82. Ke5 Be7 83. Kd5 Kg7 84. Kc6 Bxh4 85. Kxb6 Be7 86. Kc6 1/2-1/2

[Event "*** Titled Tuesday Blitz"]
[Site "Chess.com"]
[Date "2019.04.02"]
[Round "9"]
[White "Yurovskykh_Oleksandr"]
[Black "IMRosen"]
[Result "0-1"]
[WhiteElo "2514"]
[BlackElo "2539"]
[TimeControl "180+2"]
[EndTime "16:08:08 PDT"]
[Termination "IMRosen won by checkmate"]

1. d4 Nf6 2. Nf3 d5 3. c3 c5 4.
e3 cxd4 5. exd4 Nc6 6. Bf4 Bg4 7. Nbd2 e6 8. Qb3 Qb6 9. Qxb6 axb6 10. Ne5 Nxe5 11.
Bxe5 Nd7 12. Bb5 Kd8 13. Bg3 Nb8 14. O-O Nc6 15. Rfe1 Kd7 16. h3 Bh5 17. Nf1 Bd6 18. Bxd6 Kxd6 19. Ng3 Bg6 20. Ne2 f6 21. Nf4 Bf7 22.
a3 g5 23. Ne2 Na7 24. Bd3 Be8 25. Ng3 Bd7 26. Rad1 Nc6 27. Nh5 Raf8 28. Re3 Na5 29.
Rde1 Nc4 30. Bxc4 dxc4 31. Kf1 Rf7 32. Ng3 Re8 33. Ne4+ Kc7 34. Nd2 b5 35. Ne4 b6 36.
Ng3 Rfe7 37. Nh5 Rf8 38. f4 Be8 39. g4 Bxh5 40. gxh5 Kd6 41. fxg5 fxg5+ 42. Kg2 Rf5 43. Re5 Kd7 44. Kg3 h6 45. R1e2 Kd6 46. Kg4 Kd7 47.
h4 Rf4+ 48. Kg3 Rxh4 49. d5 Rxh5 50. dxe6+ Kc6 51. Rd2 Rh1 52. Rdd5 Rg1+ 53. Kh2 Rb1 54. Rxb5 Rxe6 55. Rxb6+ Kxb6 56. Rxe6+ Kb5 57. Rxh6 Rxb2+ 58. Kg3 Rb3 59. Rg6 Rxc3+ 60. Kf2 Rxa3 61. Rxg5+ Kb4 62.
Ke2 Rd3 63. Rg1 Rd8 64. Rg3 c3 65. Ke1 Kb3 66. Rg7 Kc2 67. Rb7 Re8+ 68. Kf2 Kd2 69. Rd7+ Kc1 70. Rb7 c2 71. Rb6 Re5 72. Rb8 Kd2 73.
Rd8+ Kc3 74. Rc8+ Kb3 75. Rb8+ Kc4 76. Rc8+ Rc5 77. Rh8 c1=Q 78. Rh4+ Kd3 79. Rh3+ Kd2 80. Kg2 Rg5+ 81. Kh2 Qc7+ 82. Kh1 Qc6+ 83. Kh2 Qd6+ 84.
Kh1 Qd5+ 85. Kh2 Qe5+ 86. Kh1 Qe1+ 87. Kh2 Qg1# 0-1

[Event "*** Titled Tuesday Blitz"]
[Site "Chess.com"]
[Date "2019.04.02"]
[Round "9"]
[White "Zq1"]
[Black "Heineccius"]
[Result "0-1"]
[WhiteElo "2517"]
[BlackElo "2508"]
[TimeControl "180+2"]
[EndTime "16:08:15 PDT"]
[Termination "Heineccius won by resignation"]

1. d4 Nf6 2. c4 e6 3. g3 d5 4. Bg2 Be7 5. Nf3 O-O 6. Nc3 dxc4 7. Ne5 Nc6 8. Bxc6 bxc6 9. Nxc6 Qe8 10. Nxe7+ Qxe7 11.
Qa4 c5 12. Qxc4 cxd4 13. Qxd4 e5 14. Qh4 Bb7 15. O-O Qe6 16. e4 h6 17. Be3 Qc6 18. f3 Rfd8 19. Rfd1 Qe6 20. g4 Rxd1+ 21. Rxd1 a5 22.
Qf2 a4 23. h3 Qc4 24. Qd2 Rc8 25. Rc1 Qe6 26. Nxa4 Rxc1+ 27. Qxc1 Qxa2 28. Nc5 Bc6 29. Nd3 Qe6 30. Kf2 Bb5 31. Nc5 Qa2 32. Qc3 Qb1 33.
Bc1 Nh7 34. h4 Nf6 35. Nb3 Ba4 36. Nd2 Qa1 37. Nc4 Nd7 38. Qd2 Nc5 39. Nxe5 Nb3 40. Qd8+ Kh7 41. Be3 Qxb2+ 42. Kg3 Qxe5+ 43. Bf4 Qe6 44. h5 Be8 45. Qd3 Nc5 46. Qd4 Nd7 47. Be3 f6 48. f4 Nf8 49. f5 Qe5+ 50. Qxe5 fxe5 51. Kh4 Nd7 52. g5 hxg5+ 53. Bxg5 Nf6 54. h6 Nxe4 55. hxg7 Kxg7 56. Bd8 Bd7 57. Kg4 Nf6+ 58. Kg5 Ne4+ 59. Kg4 Nc5 60. Kg5 Kf7 61. Bc7 e4 62. Kf4 Bc6 63. Bb6 Nd3+ 64. Kg5 Nb4 65. Bd4 Nd5 66. Kg4 Ne7 67. Kf4 Bd5 68. Bc5 Nc6 69. Ba3 Nd4 70.
Bb2 Ne2+ 71. Ke5 Bb7 72. Ba3 Nc3 73. Bc5 Nb5 74. Kf4 Nc7 75. Ke5 Ne8 76. Bb4 Nf6 77.
Bc5 Nd7+ 0-1

[Event "*** Titled Tuesday Blitz"]
[Site "Chess.com"]
[Date "2019.04.02"]
[Round "9"]
[White "Nancy11111"]
[Black "nochewycandy"]
[Result "1/2-1/2"]
[WhiteElo "2267"]
[BlackElo "2355"]
[TimeControl "180+2"]
[EndTime "16:08:16 PDT"]
[Termination "Game drawn by stalemate"]

1. d4 Nf6 2. Nf3 g6 3. Nbd2 Bg7 4. e4 d6 5. Bd3 O-O 6. O-O Nc6 7. c3 e5 8. Nc4 exd4 9. Nxd4 Nxd4 10. cxd4 d5 11. exd5 Nxd5 12. Ne5 c6 13. Be4 Be6 14. g3 Qb6 15.
Nc4 Qb4 16. b3 Nc3 17. Bd2 Bxc4 18. bxc4 Bxd4 19. Bd3 Qb2 20. Qc1 Qxc1 21. Raxc1 Na4 22. Rb1 Nc5 23. Be2 Rfe8 24. Bf3 Rad8 25. Bb4 Nd3 26.
Ba3 Bb6 27. c5 Bxc5 28. Bxc5 Nxc5 29. Rfc1 Re5 30. Bg2 Rd2 31. a4 Nd3 32. Rf1 b5 33. axb5 cxb5 34. f4 Ree2 35. Bf3 Rxh2 36. Rxb5 Rh3 37.
g4 Rg3+ 38. Kh1 Nxf4 39. Rb7 Nh3 40. Bd5 Ng5 41. Bxf7+ Kf8 42. Bxg6+ Nf3 43. Rf7+ Kg8 44. R7xf3 Rxf3 45. Rxf3 hxg6 46. Ra3 Rd7 47. Kg2 Rf7 48. Kg3 Kf8 49. Kh4 Kg7 50. Kg5 Rb7 51. Ra6 Rb5+ 52.
Kh4 Kh6 53. g5+ Rxg5 54. Rxa7 Rh5+ 55. Kg4 Rb5 56. Ra8 Rb4+ 57. Kg3 Kg5 58. Ra5+ Kh6 59.
Ra8 Rd4 60. Ra5 Rb4 61. Ra8 Rb5 62. Kg4 Rf5 63. Ra6 Rg5+ 64. Kh4 Rb5 65. Kg4 Rb4+ 66. Kg3 Kh5 67. Ra5+ g5 68. Ra8 Rb3+ 69. Kg2 Kh4 70. Ra4+ g4 71. Ra8 Rb2+ 72. Kg1 Kh3 73. Ra1 Rc2 74.
Ra3+ Kh4 75. Ra8 Rb2 76. Ra1 g3 77. Ra4+ Kh3 78. Ra1 Rc2 79. Kh1 Rc3 80. Kg1 Rf3 81.
Rb1 Rf4 82. Ra1 Rf3 83. Rb1 Rc3 84. Ra1 g2 85. Rb1 Rd3 86. Rc1 Re3 87. Rd1 Rc3 88. Re1 Rd3 89. Rc1 Kg3 90. Rc3 Rxc3 1/2-1/2

[Event "*** Titled Tuesday Blitz"]
[Site "Chess.com"]
[Date "2019.04.02"]
[Round "9"]
[White "WPWPWP-2015"]
[Black "Chesstrainer1"]
[Result "1-0"]
[WhiteElo "2374"]
[BlackElo "2394"]
[TimeControl "180+2"]
[EndTime "16:08:38 PDT"]
[Termination "WPWPWP-2015 won on time"]

1. e4 c6 2. d4 d5 3. e5 Bf5 4.
Nf3 e6 5. Be2 Nd7 6. O-O Bg6 7. a4 Nh6 8. c3 Nf5 9. a5 c5 10. a6 bxa6 11. Bxa6 Rb8 12. Na3 cxd4 13. Nxd4 Nxd4 14. cxd4 Rb6 15. Bb5 a6 16. Ba4 Be7 17. Bd2 Rxb2 18. Qc1 Rxd2 19. Qxd2 O-O 20. Bc2 a5 21. Bxg6 hxg6 22. Nb5 Bb4 23. Qa2 Nb6 24. Nd6 Qh4 25. Rfd1 Bc3 26. Rab1 Bb4 27. g3 Qg4 28. Kg2 Qg5 29. Nb7 Ra8 30. Nc5 Qe7 31. Na4 Nc4 32. Rdc1 Rc8 33. Kg1 Qa7 34. Qa1 Rc7 35. Rd1 Rd7 36. Qa2 Rc7 37. Rbc1 Qa6 38. Rc2 Qb5 39.
Nc3 Qb6 40. Ne2 Rb7 41. Rb1 Qa6 42. Qa4 Qb6 43. Rcc1 Rb8 44. Qd1 Qa7 45. Nc3 Qb6 46. Na4 Qb5 47. h4 Rc8 48. Nc3 Qb6 49. Na4 Qc6 50. Nb2 Qb5 51. Nd3 Qb6 52. Nf4 Rb8 53. h5 g5 54. Nh3 Qd8 55. Qg4 Bd2 56. Rd1 a4 57. Rxb8 Qxb8 58. Nxg5 Qb3 59. Rf1 a3 60. h6 Qd3 61. h7+ Kh8 62. Nxf7+ Kxh7 63. Qh3+ Bh6 64. Ng5+ Kg6 65. Nxe6 a2 66. Qg4+ Kh7 67. Nc5 Qxf1+ 68.
Kxf1 a1=Q+ 69. Kg2 Qb1 70. Qe6 Qc2 71. Nd7 Ne3+ 72.
Kh3 Qf5+ 73. Qxf5+ Nxf5 74. Nb6 Nxd4 75. Nxd5 Nf3 76. e6 Kg8 77. Kg4 Nd4 78. Nc7 Kf8 79.
f4 Ke7 80. f5 g6 81. Nd5+ Kd6 82. e7 gxf5+ 83. Kh5 Kd7 84. Kxh6 Ne2 85. Kg7 1-0

[Event "*** Titled Tuesday Blitz"]
[Site "Chess.com"]
[Date "2019.04.02"]
[Round "9"]
[White "EvgenyT"]
[Black "KhalilMousavi77"]
[Result "0-1"]
[WhiteElo "2894"]
[BlackElo "2747"]
[TimeControl "180+2"]
[EndTime "16:08:47 PDT"]
[Termination "KhalilMousavi77 won by resignation"]

1. Nf3 Nf6 2. b3 d6 3. Bb2 e5 4. g3 c5 5. Bg2 Nc6 6. O-O Be7 7. c4 O-O 8. Nc3 h6 9. d3 Be6 10. Rc1 d5 11. cxd5 Nxd5 12. Ne4 Qa5 13. Nxe5 Qxa2 14. Nc4 Qa6 15. Ra1 Qb5 16. Ned6 Bxd6 17. Nxd6 Qb6 18.
Qc1 Nd4 19. Bxd4 cxd4 20. Bxd5 Bxd5 21. Qf4 Rad8 22. Nf5 Be6 23. Ra4 Qxb3 24. Rxa7 Qb2 25.
Qg4 Bxf5 26. Qxf5 Rd6 27. Qe4 Re6 28. Qxb7 Qxe2 29. Qb5 h5 30. h4 Rg6 31. Qf5 Rg4 32. Rd7 g6 33. Qf6 Qxd3 34. Re1 Qb5 35. Ree7 Qb3 36. Rxf7 Qxf7 37. Rxf7 Rxf7 38. Qe5 Rf5 39. Qe8+ Kg7 40. Kg2 d3 41. f3 Rd4 42. Qe7+ Kh8 43. Qe8+ Kh7 44. Qe7+ Kg8 45. Qe6+ Rf7 46. Qxg6+ Kf8 47. Qh6+ Kg8 48. Qg6+ Kf8 49. Qxh5 Rd6 50. Qh8+ Ke7 51. Qe5+ Kd7 52. Qb5+ Kd8 53. Qa5+ Rc7 54.
Qa8+ Kd7 55. Qa4+ Rcc6 56. Qa7+ Ke6 57. Qe3+ Kf7 58. Qf4+ Ke7 59. Qe5+ Kd7 60. Qg7+ Kc8 61. Qg8+ Rd8 62. Qg4+ Kc7 63. Qf4+ Rdd6 64. Qf7+ Kb6 65.
Qb3+ Ka7 66. Qa3+ Ra6 67. Qc5+ Kb7 68. Qb4+ Rab6 69. Qd2 Rbc6 70. Kh3 Rc2 71. Qb4+ Kc7 72. Qa5+ Kd7 73. Qb5+ Ke6 74. Qb3+ Rd5 75. Qb6+ Kd7 76.
Qb7+ Kd6 77. Qb4+ Rcc5 78. Qf4+ Kc6 79. Qa4+ Rb5 80. Qc4+ Kb6 81. Qc8 d2 82. Qb8+ Kc5 83. Qc7+ Kd4 84. Qc2 Ke3 85. Qd1 Rbc5 86. Kg4 Rc1 87.
Qb3+ Rd3 88. Qb6+ Rd4+ 0-1

[Event "*** Titled Tuesday Blitz"]
[Site "Chess.com"]
[Date "2019.04.02"]
[Round "9"]
[White "Perecke"]
[Black "CzechmVIII"]
[Result "1-0"]
[WhiteElo "2079"]
[BlackElo "2118"]
[TimeControl "180+2"]
[EndTime "16:09:24 PDT"]
[Termination "Perecke won on time"]

1. e4 c5 2. Nf3 d6 3. d4 cxd4 4. Nxd4 Nf6 5. Nc3 g6 6. Be3 Bg7 7. f3 O-O 8. Qd2 Nc6 9. g4 Be6 10. Nxe6 fxe6 11. h4 Ne5 12. Be2 Qc8 13. h5 Nfd7 14. hxg6 hxg6 15. Bd4 Rxf3 16. Bxe5 Nxe5 17. O-O-O Rxc3 18. Qxc3 Qxc3 19. bxc3 Rc8 20. Kd2 Bf6 21. Rh3 Bg5+ 22. Ke1 Rc5 23. Rb1 b6 24. Rb5 Rc8 25.
Rb4 Kg7 26. Ra4 a5 27. Ra3 Bf4 28. Rb3 Nd7 29. c4 Be5 30. Rh1 Bd4 31. Rbh3 Kf6 32. Rh7 Ne5 33. Rf1+ Kg5 34. Rxe7 Nxc4 35. Bxc4 Rxc4 36.
Rxe6 Be5 37. Kd1 Rxe4 38. Rf7 Rxg4 39. Rb7 Rb4 40. a3 Rb2 41. Rb8 a4 42. Rg8 Ra2 43.
Rexg6+ Kf5 44. Rg5+ Ke4 45. Rg4+ Kd5 46. Rxa4 b5 47. Ra5 Kc4 48. Rc8+ Kd4 49. Rb8 Ke3 50. Raxb5 Rxa3 51. Rb3+ Rxb3 52. cxb3 Kd4 53. Rc8 d5 54. Kc2 Bd6 55. Rc6 Bb4 56. Rc8 Ba3 57. Ra8 Bb4 58.
Ra4 Kc5 59. Kd3 Be1 60. Ra8 Kb4 61. Rb8+ Kc5 62. Kc2 d4 63. Kd3 Bc3 64. Rb7 Kc6 65. Rh7 Kb5 66. Kc2 Kb4 67. Rb7+ Kc5 68. Kb1 Kc6 69. Rb8 Kc5 70. Ka2 d3 71. Kb1 d2 72.
Kc2 Ba5 73. Rc8+ Kb5 74. Re8 Bb4 75. Re5+ Kc6 76. Rh5 Kb6 77. Rh1 Kc5 78. Kd3 Kb5 79. Rh5+ Kb6 80. Rh1 Kb5 81. Kc2 Ba5 82. Rh5+ Kb6 83. Rd5 Bb4 84. Rd3 Kc6 85. Kd1 Kc5 86. Ke2 Kb5 87. Ke3 Kc5 88. Ke4 Ba5 89. Ke5 Kb4 90. Rxd2 Kxb3 91. Rd7 Bc3+ 92. Ke4 Ba5 93.
Kd3 Kb4 94. Rd5 Bc7 95. Rh5 Ba5 96. Rh4+ Kb5 97. Kd4 Bc7 98. Kd5 Kb6 99. Rb4+ Ka7 100. Kc6 Bh2 101. Rb2 Ka8 102. Rxh2 1-0

[Event "*** Titled Tuesday Blitz"]
[Site "Chess.com"]
[Date "2019.04.02"]
[Round "10"]
[White "sergiochess83"]
[Black "Haykos"]
[Result "1-0"]
[WhiteElo "2734"]
[BlackElo "2591"]
[TimeControl "180+2"]
[EndTime "16:11:08 PDT"]
[Termination "sergiochess83 won by resignation"]

1. Nf3 Nf6 2. c4 Nc6 3. d4 d5 4. cxd5 Nxd5 5. e4 Nf6 6. h3 Nxe4 7. d5 Nb8 8. Qa4+ Nd7 9. Qxe4 Nf6 10. Qa4+ Bd7 11. Qb3 1-0

[Event "*** Titled Tuesday Blitz"]
[Site "Chess.com"]
[Date "2019.04.02"]
[Round "10"]
[White "chessking2151"]
[Black "Caisachess"]
[Result "1-0"]
[WhiteElo "2579"]
[BlackElo "2404"]
[TimeControl "180+2"]
[EndTime "16:11:47 PDT"]
[Termination "chessking2151 won by resignation"]

1. e4 e5 2. Nf3 Nc6 3. Bb5 f5 4. d3 fxe4 5. dxe4 Nf6 6. O-O Bc5 7. Bxc6 bxc6 8. Nxe5 Nxe4 9. Qh5+ g6 10. Nxg6 Nf6 11.
Qe5+ Be7 1-0

[Event "*** Titled Tuesday Blitz"]
[Site "Chess.com"]
[Date "2019.04.02"]
[Round "10"]
[White "1995Tiger"]
[Black "PawnEatingZombie"]
[Result "1-0"]
[WhiteElo "2082"]
[BlackElo "2142"]
[TimeControl "180+2"]
[EndTime "16:12:38 PDT"]
[Termination "1995Tiger won by resignation"]

1. e4 e6 2. d3 d5 3. Qe2 Be7 4. Nf3 Nf6 5. g3 c5 6. Bg2 Nc6 7. O-O O-O 8. e5 Nd7 9. c4 Nb6 10. h4 dxc4 11. dxc4 Nd4 12. Nxd4 cxd4 13. Rd1 Bc5 14.
Nc3 Qe7 15. Ne4 Rd8 16. Bg5 d3 17. Bxe7 1-0

[Event "*** Titled Tuesday Blitz"]
[Site "Chess.com"]
[Date "2019.04.02"]
[Round "10"]
[White "EvgenyT"]
[Black "TheBigBoss04"]
[Result "1-0"]
[WhiteElo "2898"]
[BlackElo "2578"]
[TimeControl "180+2"]
[EndTime "16:13:14 PDT"]
[Termination "EvgenyT won by resignation"]

1. e4 c5 2. Nf3 d6 3. d4 cxd4 4. Qxd4 a6 5. c4 Nc6 6. Qe3 g6 7. Nc3 Bg7 8. Be2 Nf6 9. h3 Nd7 10. O-O Nde5 11. Nxe5 dxe5 12. b3 Nd4 13. Bb2 Nc2 14. Qg3 Nxa1 15. Rxa1 O-O 16. Rd1 Qa5 17. a3 Be6 18. b4 Qc7 19. c5 Rad8 20. Nd5 Bxd5 21.
exd5 f5 22. Bc4 Kh8 23. Re1 e4 24. Bxg7+ Kxg7 25. Qxc7 1-0